 Dungeon Crawl Stone Soup version 0.32-a0-799-g95e1662365 (webtiles) character file.

Game seed: 16830176568525234126

107 backslashecho the Digger (level 4, -4/33 HPs)
             Began as a Draconian Earth Elementalist on Mar 21, 2024.
             Slain by Menkaure (18 damage)
             ... on level 4 of the Dungeon.
             The game lasted 00:03:57 (3085 turns).

backslashecho the Digger (DrEE)                     Turns: 3085, Time: 00:03:58

Health: -4/33      AC:  5    Str: 11    XL:     4   Next: 56%
Magic:  5/9        EV: 11    Int: 17    God:
Gold:   189        SH:  0    Dex: 11    Spells: 8/9 levels left

rFire   . . .        m - +0 dagger
rCold   . . .        (no shield)
rNeg    . . .        (body armour unavailable)
rPois   .            (helmet restricted)
rElec   .            (no cloak)
rCorr   .            (no gloves)
SInv    .            (no boots)
Will    .....        (no amulet)
Stlth   ++           (no ring)
HPRegen 0.25/turn    (no ring)
MPRegen 0.11/turn

%: no passive effects
@: very slightly contaminated
A: AC +5, unfitting armour, cold-blooded
a: no special abilities


You were on level 4 of the Dungeon.
You visited 1 branch of the dungeon, and saw 4 of its levels.

You collected 189 gold pieces.

Inventory:

Hand Weapons
 l - a +0 dagger
 m - a +0 dagger (weapon)
Scrolls
 d - a scroll of identify {unknown}
 e - a scroll of blinking {unknown}
 f - a scroll of revelation {unknown}
 g - a scroll of fog {unknown}
 j - a scroll of amnesia {unknown}
 n - a scroll of silence {unknown}
 o - a scroll of immolation {unknown}
 q - a scroll of teleportation {unknown}
Potions
 a - a potion of magic
 b - a potion of degeneration {unknown}
 c - 2 potions of brilliance {unknown}
 h - a potion of resistance {unknown}
 i - a potion of berserk rage {unknown}
 k - a potion of curing {unknown}
 p - a potion of haste {unknown}


   Skills:
 - Level 2.0 Dodging
 - Level 1.7 Stealth
 * Level 3.4 Spellcasting
 + Level 2.1 Conjurations
 + Level 3.7 Earth Magic


You had 8 spell levels left.
You knew the following spells:

 Your Spells              Type           Power      Damage    Failure   Level
a - Sandblast             Erth           30%        2d9       3%          1

Your spell library contained the following spells:

 Spells                   Type           Power      Damage    Failure   Level
 Sting                    Conj/Alch      24%        1d4       11%         1
 Passwall                 Erth           15%        N/A       11%         3
 Stone Arrow              Conj/Erth      24%        3d8       16%         3
 Apportation              Tloc           4%         N/A       17%         1
 Necrotise                Necr           8%         1d4       17%         1
 Summon Small Mammal      Summ           8%         N/A       17%         1
 Mercury Vapours          Alch/Air       4%         N/A       26%         2
 Mephitic Cloud           Conj/Alch/Air  5%         N/A       36%         3
 Sigil of Binding         Hex            2%         N/A       45%         3
 Brom's Barrelling Bould  Conj/Erth      12%        2d4       45%         4
 Petrify                  Alch/Erth      9%         N/A       61%         4
 Freezing Cloud           Conj/Ice/Air   2%         6-21      98%         5
 Death Channel            Necr           1%         N/A       100%        6
 Sculpt Simulacrum        Ice/Alch       1%         N/A       100%        6


Dungeon Overview and Level Annotations

Branches:
Dungeon (4/15)
 Temple: D:4-7

Altars:

Annotations:
D:3 3 runed translucent doors, crimsonchili123's ghost, amateur GnWn
D:4 Menkaure


Innate Abilities, Weirdness & Mutations

Your plain brown scales are hard. (AC +5)
You cannot fit into any form of body armour.
You are cold-blooded and may be slowed by cold attacks.


Message History

You take 3 damage, and have 30/33 hp.
Casting: Sandblast (safe; 3% risk of failure)
Confirm with . or Enter, or press ? or * to list all spells.
Aiming: Sandblast (safe; 3% risk of failure)
Press: ? - help, Shift-Dir - straight line, f/p - ribbon worm
Aim: a ribbon worm (94% to hit)
The blast of sand hits the ribbon worm.
The ribbon worm is lightly wounded.
The ribbon worm completely misses you.
You now have 7/9 mp.
The ribbon worm attacks as it pursues you!
The ribbon worm closely misses you.
Casting: Sandblast (safe; 3% risk of failure)
Confirm with . or Enter, or press ? or * to list all spells.
Aiming: Sandblast (safe; 3% risk of failure)
Press: ? - help, Shift-Dir - straight line, f/p - ribbon worm
Aim: a ribbon worm (lightly wounded, 94% to hit)
The blast of sand hits the ribbon worm.
The ribbon worm is moderately wounded.
The ribbon worm bites you but does no damage.
You now have 6/9 mp.
You hit the ribbon worm.
The ribbon worm is moderately wounded.
The ribbon worm expels a string of sticky webbing.
The stream of webbing misses you.
Casting: Sandblast (safe; 3% risk of failure)
Confirm with . or Enter, or press ? or * to list all spells.
Aiming: Sandblast (safe; 3% risk of failure)
Press: ? - help, Shift-Dir - straight line, f/p - ribbon worm
Aim: a ribbon worm (moderately wounded, catching its breath, 94% to hit)
The blast of sand hits the ribbon worm!
The ribbon worm is severely wounded.
The ribbon worm bites you.
You take 1 damage, and have 31/33 hp.
You now have 6/9 mp.
Casting: Sandblast (safe; 3% risk of failure)
Confirm with . or Enter, or press ? or * to list all spells.
Aiming: Sandblast (safe; 3% risk of failure)
Press: ? - help, Shift-Dir - straight line, f/p - ribbon worm
Aim: a ribbon worm (severely wounded, catching its breath, 94% to hit)
The blast of sand hits the ribbon worm!
You kill the ribbon worm!
You now have 5/9 mp.
Unknown command.
HP restored.
Magic restored.
Done exploring.
Health restored: 33; MP restored: 9 Done exploring.
Done exploring.
Done exploring.
Done exploring.
There is an open door here.
There is a stone staircase leading down here.
You climb downwards.
Level annotation: Menkaure Menkaure shouts!
There is a stone staircase leading up here.
Casting: Sandblast (safe; 3% risk of failure)
Confirm with . or Enter, or press ? or * to list all spells.
You can't see any susceptible monsters within range! (Use Z to cast anyway.)
Casting: Sandblast (safe; 3% risk of failure)
Confirm with . or Enter, or press ? or * to list all spells.
Aiming: Sandblast (safe; 3% risk of failure)
Press: ? - help, Shift-Dir - straight line, f - Menkaure
Aim: Menkaure (91% to hit)
You miscast Sandblast.
You are very lightly contaminated with residual magic.
Nothing appears to happen.
You now have 8/9 mp.
Casting: Sandblast (safe; 3% risk of failure)
Confirm with . or Enter, or press ? or * to list all spells.
Aiming: Sandblast (safe; 3% risk of failure)
Press: ? - help, Shift-Dir - straight line, f/p - Menkaure
Aim: Menkaure (91% to hit)
The blast of sand hits Menkaure!
Menkaure is moderately damaged.
The endoplasm quivers.
Menkaure mumbles some strange words.
Menkaure seems to speed up.
You now have 7/9 mp.
Casting: Sandblast (safe; 3% risk of failure)
Confirm with . or Enter, or press ? or * to list all spells.
Aiming: Sandblast (safe; 3% risk of failure)
Press: ? - help, Shift-Dir - straight line, f/p - Menkaure
Aim: Menkaure (moderately damaged, fast, 91% to hit)
The blast of sand hits Menkaure.
Menkaure is heavily damaged.
You now have 6/9 mp.
Casting: Sandblast (safe; 3% risk of failure)
Confirm with . or Enter, or press ? or * to list all spells.
Aiming: Sandblast (safe; 3% risk of failure)
Press: ? - help, Shift-Dir - straight line, f/p - Menkaure
Aim: Menkaure (heavily damaged, fast, 91% to hit)
The blast of sand hits Menkaure!
Menkaure is severely damaged.
Menkaure hits you!!
Ouch! That really hurt!
Menkaure hits you!!
Ouch! That really hurt!
You die...

## ... ....
..... #
###......# ..
#@M......#
#..#...##.#.#
.......J. ..
##.>.###.#####
#....<.......
#.......)#...
#..###...# #..
...# # ...#


You could see Menkaure (fast) and an endoplasm.

Vanquished Creatures
  An orc priest (D:3)
  2 adders (D:2)
  A dart slug (D:2)
  A ribbon worm (D:3)
  5 orcs (D:3)
  2 bats (D:1)
  2 endoplasms (D:1)
  A giant cockroach (D:1)
  2 goblins
  5 hobgoblins
  5 jackals (D:1)
  6 kobolds
  3 quokkas
  7 ball pythons
  4 frilled lizards
  2 rats
49 creatures vanquished.

Notes
Turn   | Place    | Note
-------+----------+-------------------------------------------
     0 | D:1      | backslashecho the Draconian Earth Elementalist began the
                  | quest for the Orb.
     0 | D:1      | Reached XP level 1. HP: 14/14 MP: 3/3
   392 | D:1      | Reached XP level 2. HP: 20/20 MP: 3/5
  1143 | D:1      | Reached XP level 3. HP: 26/26 MP: 5/7
  1316 | D:2      | Found a faded altar of an unknown god.
  2059 | D:3      | Found a runed translucent gate.
  2059 | D:3      | Found a runed translucent gate.
  2060 | D:3      | Noticed crimsonchili123's ghost (amateur GnWn)
  2061 | D:3      | Found a runed translucent gate.
  2274 | D:3      | Reached XP level 4. HP: 33/33 MP: 5/8
  2904 | D:4      | Noticed Menkaure
  3085 | D:4      | Slain by Menkaure

Illustrated notes

Levels and vault maps discovered:
D:1:      lemuel_arrival_lava_pool, layout_basic
D:2:      minmay_kobold_bridge, layout_basic, hellmonk_ecumenical_altar_zigzags
D:3:      layout_basic, ebering_ghost_rock_garden
D:4:      layout_basic, chequers_temple_overflow_statue_of_worship,
          gammafunk_ghost_abyssal_escape, minivault_25, uniq_sigmund,
          uniq_robin, uniq_grinder, uniq_menkaure

Skill      XL: |  1  2  3  4 |
---------------+-------------+-----
Dodging        | 2 |  2.0
Spellcasting   | 3 |  3.4
Conjurations   | 2 |  2.1
Stealth        | |  1.7
Earth Magic    | |  3.7

Action                     |  1- 3 |  4- 6 || total
---------------------------+-------+-------++-------
  Melee: Unarmed           |    12 |       ||    12
         Tailslap          |     1 |       ||     1
         Dagger            |       |     5 ||     5
   Cast: Sandblast         |    56 |    18 ||    74
 Armour: Skin              |    13 |    12 ||    25
  Dodge: Dodged            |    20 |     8 ||    28

Table legend: (Time is in decaauts)
 A = Elapsed time spent in this place.
 B = Non-inter-level travel time spent in this place.
 C = Inter-level travel time spent in this place.
 D = Time resting spent in this place.
 E = Time spent auto-exploring this place.
 F = Levels seen in this place.
 G = Mean time per level.
                   A        B        C        D        E       F      G
               +--------+--------+--------+--------+--------+-----+--------+
         Total |   3124 |   2750 |    374 |     74 |   2293 |   4 |  781.0 |
       Dungeon |   3124 |   2750 |    374 |     74 |   2293 |   4 |  781.0 |
               +--------+--------+--------+--------+--------+-----+--------+

Top non-repeatable levels by time:
     D:1: 1257 daAuts
     D:3: 1056 daAuts
     D:2: 798 daAuts
     D:4: 12 daAuts
